AoeStats
← BSV | Gabriel

Arabia

505106690Analyzed
1v1 RM · 24d ago on Sep 7, 2026· 44m 38s· 2 players
Game mode
Random Map
Map size
Tiny (2 player)
Population
200
Speed
Normal
Resources
Standard
Victory
Conquest
Starting age
Dark Age
Ending age
Imperial Age
RankedLock teamsTeams togetherTeam positionsShared explorationLock speedFull tech treeHidden civsTurbo modeCheats
Victory
Defeat
🇻🇪 Huns · Venezuela
1248
+17
🇹🇷 Teutons · Türkiye
1272
-17
BSV | Gabriel
6:49 Loom
10:10 Feudal Age
10:13 Man-at-Arms
21:31 Castle Age
20:12 Double-Bit Axe
25:27 Husbandry
26:16 Scale Barding Armor
26:32 Bloodlines
31:21 Fletching
32:49 Bodkin Arrow
33:20 Bow Saw
34:15 Wheelbarrow
37:47 Ballistics
43:24 Imperial Age
41:30 Light Cavalry
42:34 Chain Barding Armor
44:02 Thumb Ring
44:39 Bracer
45:52 Chemistry
ElderWisdom
7:10 Loom
9:28 Feudal Age
9:32 Man-at-Arms
10:02 Double-Bit Axe
17:12 Fletching
17:22 Padded Archer Armor
23:32 Castle Age
22:19 Gold Mining
22:52 Bloodlines
24:37 Bow Saw
33:46 Forging
34:17 Scale Barding Armor
42:03 Chain Barding Armor
Connection lost

Rejoining the realm…

Still unreachable

The connection could not be restored.

Session expired

The server has moved on; the page needs a fresh start.